AoeStats
← 花开未相随

Nomad

510029808Analyzed
3v3 RM · 4d ago on Sep 29, 2026· 47m 13s· 6 players
Game mode
Random Map
Map size
210×210
Population
200
Speed
Normal
Resources
Standard
Victory
Conquest
Starting age
Dark Age
Ending age
Imperial Age
RankedLock teamsTeams togetherTeam positionsShared explorationLock speedFull tech treeHidden civsTurbo modeCheats
Victory
Defeat
🇺🇸 Hindustanis · United States
1179
+15
🇺🇸 Danes · United States
1101
+18
🇨🇦 Varangians · Canada
1099
+19
🇳🇴 Vikings · Norway
1257
-21
🇨🇳 Huns · China
1111
-16
🇹🇼 Spanish · Taiwan
1108
-15
bluechaac
5:34 Loom
13:02 Feudal Age
17:15 Castle Age
18:49 Double-Bit Axe
20:02 Horse Collar
22:07 Scale Mail Armor
23:16 Chain Mail Armor
25:15 Forging
32:48 Arson
36:43 Imperial Age
36:37 Wheelbarrow
35:47 Town Watch
36:14 Bow Saw
36:08 Heavy Plow
37:07 Elite Ghulam
38:38 Iron Casting
39:13 Chemistry
39:48 Spies/Treason
bohsainn
5:56 Loom
15:04 Feudal Age
15:49 Fishing Lines
16:18 Double-Bit Axe
18:33 Wheelbarrow
22:33 Castle Age
23:45 Bow Saw
25:36 Fletching
29:16 Gillnets
29:57 Husbandry
30:11 Forging
35:22 Imperial Age
33:41 Bloodlines
34:09 Iron Casting
36:26 Ballistics
36:03 Murder Holes
37:21 Siege Engineers
40:54 Blast Furnace
40:00 Scale Barding Armor
41:39 Elite Jarl
43:08 Elite Longship
44:20 Chain Barding Armor
43:56 Bodkin Arrow
44:28 Conscription
LastManStandin_1
14:38 Feudal Age
14:01 Loom
14:41 Man-at-Arms
16:03 Arson
17:33 Forging
21:52 Castle Age
20:27 Fishing Lines
21:20 Double-Bit Axe
22:46 Stone Mining
23:05 Fletching
25:44 Gold Mining
29:37 Wheelbarrow
31:13 Scale Mail Armor
31:45 Horse Collar
35:19 Iron Casting
37:33 Chain Mail Armor
42:36 Imperial Age
40:32 Hand Cart
44:00 Spies/Treason
Gin
7:34 Loom
12:46 Feudal Age
18:32 Castle Age
17:24 Padded Archer Armor
17:57 Fletching
18:14 Gold Mining
19:02 Crossbowman
20:14 Bodkin Arrow
25:44 Scale Mail Armor
25:58 Forging
25:39 Horse Collar
29:54 Chain Mail Armor
32:43 Imperial Age
31:39 Iron Casting
Meow嗷嗚
15:00 Feudal Age
19:30 Loom
20:18 Fletching
23:15 Castle Age
23:08 Stone Mining
23:14 Gold Mining
25:04 Stone Shaft Mining
33:35 Double-Bit Axe
花开未相随
Connection lost

Rejoining the realm…

Still unreachable

The connection could not be restored.

Session expired

The server has moved on; the page needs a fresh start.